 Dungeon Crawl Stone Soup version 0.29.1-15-g9cfb28693d (webtiles) character file.

Game seed: 6757093917677013949

555 Cheops the Insei (level 7, -1/52 HPs)
             Began as a Demonspawn Monk on Apr 27, 2023.
             Slain by an orc warrior
             ... wielding a +0 glaive
              (15 damage)
             ... on level 4 of the Dungeon.
             The game lasted 00:09:39 (4139 turns).

Cheops the Insei (Demonspawn Monk)                  Turns: 4139, Time: 00:09:39

Health: -1/52      AC:  9    Str: 14    XL:     7   Next: 8%
Magic:  7/7        EV: 12    Int: 11    God:
Gold:   118        SH:  0    Dex: 15    Spells: 6/6 levels left

rFire   . . .      SeeInvis +     - Unarmed
rCold   . . .      Faith    .   (no shield)
rNeg    . . .      Spirit   .   a - +0 robe
rPois   .          Reflect  .   (helmet restricted)
rElec   .          Harm     .   (no cloak)
rCorr   .          Rampage  .   i - +0 pair of gloves
Will    .....                   (no boots)
Stlth   ++........              (no amulet)
HPRegen 0.17/turn               u - +4 ring of protection
MPRegen 0.10/turn               v - ring of see invisible

@: no status effects
A: antennae 2, molten scales 1, foul stench 1, powered by death 1
a: no special abilities


You were on level 4 of the Dungeon.
You visited 1 branch of the dungeon, and saw 4 of its levels.

You collected 235 gold pieces.
You spent 117 gold pieces at shops.

Inventory:

Hand Weapons
 b - a +1 dagger of freezing
 c - a +1 war axe of flaming
Armour
 a - a +0 robe (worn)
 i - a +0 pair of gloves (worn)
Magical Staves
 s - a staff of poison
Jewellery
 l - a ring of flight
 n - a ring of protection from fire
 u - a +4 ring of protection (left hand)
 v - a ring of see invisible (right hand)
Scrolls
 g - 5 scrolls of teleportation
 j - a scroll of fog
 k - 2 scrolls of summoning {unknown}
 m - 2 scrolls of poison {unknown}
 q - 2 scrolls of fear
 t - a scroll of blinking {unknown}
Potions
 f - 3 potions of magic
 h - a potion of ambrosia
 o - a potion of heal wounds
 p - a potion of berserk rage
 r - a potion of mutation


   Skills:
 - Level 3.0 Fighting
 - Level 2.6 Dodging
 - Level 1.7 Stealth
 + Level 7.4 Unarmed Combat


You had 6 spell levels left.
You didn't know any spells.
Your spell library contained the following spells:

 Spells                   Type           Power      Damage    Failure   Level
 Freeze                   Ice            0%         1d3       34%         1
 Ensorcelled Hibernation  Hex/Ice        0%         N/A       47%         2
 Passwall                 Tmut/Erth      0%         N/A       47%         2
 Ozocubu's Armour         Ice            0%         N/A       71%         3
 Swiftness                Air            0%         N/A       71%         3
 Metabolic Englaciation   Hex/Ice        0%         N/A       100%        5
 Simulacrum               Ice/Necr       0%         N/A       100%        6


Dungeon Overview and Level Annotations

Branches:
Dungeon (4/15)
 Temple: D:4-7

Altars:
Ashenzari
Cheibriados
Dithmenos
Hepliaklqana

Shops:
D:1 ?   D:4 (


Innate Abilities, Weirdness & Mutations

You have a pair of antennae on your head.
You are partially covered in molten scales. (AC +2)
You may rarely emit foul miasma when damaged in melee.
You regenerate a little health from kills.


Message History

The orc warrior hits you with a +0 glaive!
You barely miss the orc warrior. The orc warrior closely misses you.
You closely miss the orc warrior.
The orc warrior hits you with a +0 glaive!
You are too injured to fight recklessly!
You are too injured to fight recklessly!
An orc warrior is nearby!
An orc warrior is nearby!
An orc warrior is nearby!
You barely miss the orc warrior. The orc warrior closely misses you.
You completely miss the orc warrior. The orc warrior misses you.
You completely miss the orc warrior. The orc warrior completely misses you.
You barely miss the orc warrior. You punch the orc warrior.
The orc warrior is lightly wounded.
The orc warrior closely misses you.
You hit the orc warrior.
The orc warrior is moderately wounded.
You hit the orc warrior but do no damage.
You punch the orc warrior, but do no damage.
The orc warrior is moderately wounded.
The orc warrior hits you with a +0 glaive!
* * * LOW HITPOINT WARNING * * *
You hit the orc warrior but do no damage.
The orc warrior is moderately wounded.
The orc warrior misses you.
You hit the orc warrior.
The orc warrior is moderately wounded.
The orc warrior closely misses you.
You hit the orc warrior.
The orc warrior is heavily wounded.
The orc warrior hits you with a +0 glaive.
* * * LOW HITPOINT WARNING * * *
You hit the orc warrior.
The orc warrior is heavily wounded.
The orc warrior hits you with a +0 glaive!
* * * LOW HITPOINT WARNING * * *
You barely miss the orc warrior.
The orc warrior is heavily wounded.
The orc warrior hits you with a +0 glaive!
You die...

......... .. { .........
###..####.._..####..####..
..........................
###^...#####.#####)#.#
##.#.#........#....#
#........#...#.$###
###....#.....#[)#
#).....#...#)<####
#.>........@o....#
#.#.##########.#.# #.#.#
..# # #.#.# o.## #.#.. ..#
#.#.# ..# #.#.# ยง.: ..#
.#8


You could see an orc warrior.

Vanquished Creatures
  Grinder (D:4)
  Edmund (D:4)
  A howler monkey (D:4)
  An orc priest (D:4)
  An orc wizard (D:4)
  5 adders
  A worm (D:2)
  2 dart slugs
  8 orcs
  4 endoplasms
  A giant cockroach (D:2)
  6 goblins
  4 hobgoblins
  2 quokkas (D:1)
  4 ball pythons
  12 bats
  2 frilled lizards
  6 kobolds
  7 rats
69 creatures vanquished.

Notes
Turn   | Place    | Note
-------+----------+-------------------------------------------
     0 | D:1      | Cheops the Demonspawn Monk began the quest for the Orb.
     0 | D:1      | Reached XP level 1. HP: 18/18 MP: 1/1
   158 | D:1      | Reached skill level 3 in Unarmed Combat
   292 | D:1      | Gained mutation: You are partially covered in molten
                  | scales. (AC +2) [demonic ancestry]
   292 | D:1      | Reached XP level 2. HP: 21/24 MP: 2/2
   379 | D:1      | Found Giug's Magic Scroll Shop.
   470 | D:1      | You fall into a shaft and drop 1 floor!
   554 | D:1      | Bought a scroll of identify for 26 gold pieces
   737 | D:1      | Found a faded altar of an unknown god.
  1367 | D:2      | Reached XP level 3. HP: 26/29 MP: 3/3
  1448 | D:2      | Reached skill level 4 in Unarmed Combat
  2156 | D:1      | Bought a scroll of teleportation for 39 gold pieces
  2395 | D:3      | Gained mutation: You regenerate a little health from kills.
                  | [demonic ancestry]
  2395 | D:3      | Reached XP level 4. HP: 35/35 MP: 4/4
  2757 | D:3      | Found a hazy altar of Hepliaklqana.
  2775 | D:3      | Got the Catalogue of Ice
  2889 | D:3      | Found a broken altar of Ashenzari.
  3161 | D:3      | Found a shadowy altar of Dithmenos.
  3392 | D:1      | Bought a scroll of fear for 52 gold pieces
  3503 | D:4      | Noticed Grinder
  3505 | D:4      | Noticed Edmund
  3576 | D:4      | Reached skill level 5 in Unarmed Combat
  3581 | D:4      | Paralysed by Grinder for 4 turns
  3605 | D:4      | Killed Grinder
  3606 | D:4      | Reached skill level 6 in Unarmed Combat
  3606 | D:4      | Gained mutation: You have a pair of small antennae on your
                  | head. [demonic ancestry]
  3606 | D:4      | Reached XP level 5. HP: 16/41 MP: 5/5
  3606 | D:4      | Gained mutation: You have a pair of antennae on your head.
                  | [demonic ancestry]
  3606 | D:4      | Reached XP level 6. HP: 19/47 MP: 6/6
  3659 | D:4      | Found a snail-covered altar of Cheibriados.
  3796 | D:4      | Found Piutuate's Weapon Shop.
  3954 | D:4      | Killed Edmund
  3955 | D:4      | Reached skill level 7 in Unarmed Combat
  3955 | D:4      | Gained mutation: You may rarely emit foul miasma when
                  | damaged in melee. [demonic ancestry]
  3955 | D:4      | Reached XP level 7. HP: 37/52 MP: 7/7
  4139 | D:4      | Slain by an orc warrior

Illustrated notes

Levels and vault maps discovered:
D:1:      heliophobic_arrival_battle_scene, layout_rooms,
          shapermc_ecumenical_altar_gd, serial_shops, nicolae_shop_waterfront,
          roderic_lattice_a
D:2:      layout_basic
D:3:      layout_basic, amcnicky_altar_gilded,
          mainiacjoe_overflow_cross_hatched, mainiacjoe_overflow_alcove_4,
          roderic_batcave
D:4:      cheibrodos_pilgrimage, layout_basic, mainiacjoe_overflow_boulevard,
          overflow_temple_1_default, serial_curves, eino_curves_04,
          eino_curves_01, serial_shops, shop, minmay_curled_crystal,
          guppyfry_early_orc_mine, uniq_edmund, uniq_grinder

Skill      XL: |  1  2  3  4  5  6 |
---------------+-------------------+-----
Unarmed Combat | 3 4 6 7 |  7.4
Fighting       | |  3.0
Dodging        | |  2.6
Stealth        | |  1.7

Action                   |  1- 3 |  4- 6 |  7- 9 || total
-------------------------+-------+-------+-------++-------
Melee: Unarmed           |   139 |   104 |    18 ||   261
       Punch             |     4 |     4 |     2 ||    10
  Use: Scroll            |     3 |     3 |       ||     6
       Potion            |       |     7 |       ||     7
 Stab: Sleeping          |     4 |     1 |       ||     5
Armor: Robe              |    79 |    38 |     1 ||   118
Dodge: Dodged            |   122 |    54 |     9 ||   185
